 Dungeon Crawl Stone Soup version 0.28-a0-1555-g9ae15a6949 (webtiles) character file.

Game seed: 9140951547217917720

14 Hasart the Insei (level 2, -1/18 HPs)
             Began as an Octopode Transmuter on Jan 18, 2022.
             Killed from afar by Sigmund (5 damage)
             ... with a puff of flame
             ... on level 2 of the Dungeon.
             The game lasted 00:01:00 (962 turns).

Hasart the Insei (Octopode Transmuter)               Turns: 962, Time: 00:01:00

Health: -1/18      AC:  1    Str:  9    XL:     2   Next: 41%
Magic:  4/5        EV: 13    Int: 15    God:
Gold:   46         SH:  0    Dex: 12    Spells: 2/5 levels left

rFire   . . .      SeeInvis .     - Unarmed
rCold   . . .      Faith    .   (no shield)
rNeg    . . .      Spirit   .   (helmet restricted)
rPois   .          Reflect  .   (no amulet)
rElec   .          Harm     .   (no ring)
rCorr   .          Rampage  .   (no ring)
Will    .....                   (no ring)
Stlth   ++........              (no ring)
HPRegen 0.06/turn               (no ring)
MPRegen 0.09/turn               (no ring)
                                (no ring)
                                (no ring)

@: very slightly contaminated, hasted, very quick
A: almost no armour, amphibious, 8 rings, camouflage 1, gelatinous body 1,
(nimble swimmer 1), tentacles
a: no special abilities


You were on level 2 of the Dungeon.
You visited 1 branch of the dungeon, and saw 2 of its levels.

You collected 46 gold pieces.

Inventory:

Scrolls
 b - a scroll of vulnerability {unknown}
 c - a scroll of fog {unknown}
 d - a scroll of identify {unknown}
Potions
 a - a potion of haste


   Skills:
 + Level 1.2 Fighting
 + Level 2.2 Dodging
 * Level 3.2 Unarmed Combat
 + Level 2.1 Spellcasting
 + Level 2.1 Transmutations


You had 2 spell levels left.
You knew the following spells:

 Your Spells              Type           Power      Damage    Failure   Level
a - Beastly Appendage     Tmut           16%        N/A       9%          1
b - Wereblood             Tmut           8%         N/A       14%         2

Your spell library contained the following spells:

 Spells                   Type           Power      Damage    Failure   Level
 Spider Form              Tmut/Pois      4%         N/A       38%         3
 Ice Form                 Ice/Tmut       4%         N/A       80%         4


Dungeon Overview and Level Annotations

Branches:
Dungeon (2/15)

Altars:

Annotations:
D:2 Sigmund


Innate Abilities, Weirdness & Mutations

You cannot wear most types of armour.
You are amphibious.
You can wear up to eight rings at the same time.
Your skin changes colour to match your surroundings (Stealth+).
Your rubbery body absorbs attacks. (AC +1, EV +1)
((You are camouflaged when in or above water. (Stealth+)))
You have tentacles for arms and can constrict up to eight enemies at once.


Message History

The kobold is severely wounded.
You constrict the kobold.
You kill the kobold!
Things that are here:
a +0 dagger; a kobold corpse
c - a scroll labelled BITOR REULLEO
Things that are here:
a +0 dagger; a kobold corpse
d - a scroll labelled KEMY GETELOC You now have 46 gold pieces (gained 9).
Sigmund the Dreaded comes into view.
He is wielding a +0 scythe and carrying a wand of flame (13).
Sigmund shouts!
Sigmund gestures at you while chanting.
You are confused.
Sigmund is nearby!
You bump into the rock wall.
A bat comes into view.
Sigmund gestures at you while chanting. The magic dart hits you!
You're too confused to move!
You feel less confused. Sigmund casts a spell at you.
You resist with significant effort.
Sigmund zaps a wand.
The puff of flame hits you.
* * * LOW HITPOINT WARNING * * *
Cast which spell? (? or * to list)
You miscast Beastly Appendage.
You are very lightly contaminated with residual magic.
Nothing appears to happen.
Sigmund misses you.
You tentacle-slap Sigmund but do no damage.
Your grab misses Sigmund.
You tentacle-slap Sigmund, but do no damage.
Sigmund hits you with a +0 scythe.
* * * LOW HITPOINT WARNING * * *
You tentacle-slap Sigmund but do no damage.
Your grab misses Sigmund.
Your tentacle-slap misses Sigmund.
It was a potion of haste.
You feel yourself speed up.
Sigmund zaps a wand.
The puff of flame hits you.
You die...

#. #. # #..
.######### #. @.
.........# ...##.#
########.### .....
#.....#
#..##########.#.#.#
#....@@.......#.#.#
##.############.#.#
#. #.#.##### #.
#.#...... #.
#........ #.
######### .. ##


You could see Sigmund.

Vanquished Creatures
  5 goblins (D:1)
  2 hobgoblins (D:1)
  A quokka (D:1)
  2 ball pythons (D:1)
  A bat (D:1)
  2 kobolds
13 creatures vanquished.

Notes
Turn   | Place    | Note
-------+----------+-------------------------------------------
     0 | D:1      | Hasart the Octopode Transmuter began the quest for the Orb.
     0 | D:1      | Reached XP level 1. HP: 13/13 MP: 3/3
    77 | D:1      | Found a faded altar of an unknown god.
   190 | D:1      | Reached XP level 2. HP: 18/18 MP: 5/5
   193 | D:1      | Learned a level 2 spell: Wereblood
   949 | D:2      | Noticed Sigmund
   962 | D:2      | Killed from afar by Sigmund

Illustrated notes

Levels and vault maps discovered:
D:1:      mrwooster_arrival_statue_2, layout_loops_ring,
          chequers_ecumenical_altar_island, hangedman_decor_growths
D:2:      kennysheep_the_goblin_king, layout_loops_ring, minmay_tromino_mix6,
          uniq_sigmund, uniq_natasha

Action                   || total
-------------------------++-------
Melee: Unarmed           ||    32
       Tentacles         ||     9
       Constrict         ||     8
       Punch             ||     4
  Use: Potion            ||     1
 Stab: Sleeping          ||     4
Armor: Skin              ||     1
Dodge: Dodged            ||    20

Table legend: (Time is in decaauts)
 A = Elapsed time spent in this place.
 B = Non-inter-level travel time spent in this place.
 C = Inter-level travel time spent in this place.
 D = Time resting spent in this place.
 E = Time spent auto-exploring this place.
 F = Levels seen in this place.
 G = Mean time per level.
                   A        B        C        D        E       F      G
               +--------+--------+--------+--------+--------+-----+--------+
         Total |    959 |    945 |     14 |      0 |    831 |   2 |  479.5 |
       Dungeon |    959 |    945 |     14 |      0 |    831 |   2 |  479.5 |
               +--------+--------+--------+--------+--------+-----+--------+

Top non-repeatable levels by time:
     D:1: 883 daAuts
     D:2: 76 daAuts
